 Dungeon Crawl Stone Soup version 0.19-a0-414-g76fec5b (webtiles) character file.

2 Duffy the Shield-Bearer (level 1, 12/14 HPs)
             Began as a Gargoyle Fighter on May 31, 2016.
             Quit the game on level 1 of the Dungeon.
             The game lasted 00:00:12 (37 turns).

Duffy the Shield-Bearer (Gargoyle Fighter)            Turns: 37, Time: 00:00:12

Health: 12/14      AC:  8    Str: 19    XL:     1   Next: 40%
Magic:  1/1        EV:  8    Int:  8    God:
Gold:   0          SH:  9    Dex:  9    Spells: 0 memorised, 0 levels left

rFire  . . .     SeeInvis .     a - +0 war axe
rCold  . . .     Gourm    .     e - +0 ring mail (curse)
rNeg   + . .     Faith    .     c - +0 shield
rPois  ∞         Spirit   .     (no helmet)
rElec  +         Dismiss  .     (no cloak)
rCorr  .         Reflect  .     (no gloves)
SustAt .         Harm     .     (no boots)
MR     .....                    (no amulet)
Stlth  ..........               (no ring)
                                (no ring)

@: not resistant to hostile enchantments, extremely unstealthy
A: negative energy resistance 1, electricity resistance, unbreathing,
petrification resistance, rot immunity, AC +2
a: no special abilities


You were on level 1 of the Dungeon.
You were not hungry.

You visited 1 branch of the dungeon, and saw 1 of its levels.


Innate Abilities, Weirdness & Mutations

You are resistant to torment.
Your stone body is resilient (AC +2).
You are immune to poison.
You resist negative energy. (rN+)
You are resistant to electric shocks. (rElec)
You can survive without breathing.
You are immune to petrification.
You are immune to rotting.


   Skills:
 - Level 3.2 Fighting
 + Level 2.0 Axes
 - Level 3.2 Armour
 - Level 3.2 Shields


You couldn't memorise any spells.
You didn't know any spells.

Inventory:

Hand Weapons
 a - a +0 war axe (weapon)
Armour
 b - a +0 scale mail
 c - a +0 shield (worn)
 e - a cursed +0 ring mail (worn)
Potions
 d - a potion of might
Comestibles
 f - a bread ration

Dungeon Overview and Level Annotations

Branches:
Dungeon (1/15)

Altars:


Message History

The bat hits you but does no damage. x2
The bat hits you.
You see here a stone.
You hit the bat but do no damage. The bat hits you but does no damage.
The bat hits you but does no damage. You block the bat's attack.
You block the bat's attack.
Your shield and scale mail prevent you from hitting the bat.
You block the bat's attack. The bat barely misses you.
You barely miss the bat. The bat hits you.
You miss the bat. The bat hits you but does no damage.
The bat hits you but does no damage. The bat hits you but does no damage.
Your shield and scale mail prevent you from hitting the bat.
The bat hits you but does no damage. You block the bat's attack.
You see here a stone.
You miss the bat. The bat barely misses you. You block the bat's attack.
Your shield and scale mail prevent you from hitting the bat.
The bat barely misses you.
You slash the bat!
You kill the bat!
Your Axes skill increases to level 2!
No target in view!
No target in view!
No target in view!
No target in view!
No target in view!
No target in view!
No target in view!
No target in view!
No target in view!
No target in view!
No target in view!
No target in view!
No target in view!
You see here 4 stones.
Things that are here:
a runed ring mail; 3 stones
e - a runed ring mail Wear which item? (? for menu, Esc to quit)
You start removing your armour.
You continue taking off your +0 scale mail. x4
You finish taking off your +0 scale mail.
You start putting on your armour.
You continue putting on your runed ring mail. x5
You finish putting on your cursed +0 ring mail.
Oops, that feels deathly cold.
Are you sure you want to abandon this character and quit the game? (Confirm with "yes".)

#+# ##.##
#..(# ###
##(..###.##
#(.((.#...#
#@.(..#...#
#(.8.('(<.#
#(.%.)#...#
#(((([#...#
##?(.###.##
#.(.# ###
##.## #+#


There were no monsters in sight!

Action                   || total
-------------------------++-------
Melee: War axe           ||    11
Armor: Scale mail        ||    11
Dodge: Dodged            ||     3
Block: Shield            ||     5

Notes
Turn   | Place    | Note
--------------------------------------------------------------
     0 | D:1      | Duffy the Gargoyle Fighter began the quest for the Orb.
     0 | D:1      | Reached XP level 1. HP: 14/14 MP: 1/1
    21 | D:1      | Reached skill level 2 in Axes
    37 | D:1      | Quit the game

Skill      XL: |  1 |
---------------+----+-----
Axes           | 2 |  2.0
Fighting       | |  3.2
Armour         | |  3.2
Shields        | |  3.2

Vault maps used:
D:1:      minmay_arrival_shattered_statue, minivault_11, st_stairs_14,
          grunt_decor_cap, minmay_misc_feat_columns,
          nicolae_ashenzari_panopticon

Vanquished Creatures
  A bat
  A hobgoblin
2 creatures vanquished.
